 Dungeon Crawl Stone Soup version 0.30-a0-696-g2367cd04db (webtiles) character file.

Game seed: 7402834208249613033

16904 wormed the Reanimator (level 12, -12/83 HPs)
             Began as a Demonspawn Earth Elementalist on Jan 21, 2023.
             Was an Elder of Vehumet.
             Killed from afar by a fire dragon (39 damage)
             ... with a blast of flame
             ... on level 1 of the Lair of Beasts.
             The game lasted 00:31:43 (16870 turns).

wormed the Reanimator (DsEE)                       Turns: 16870, Time: 00:31:44

Health: -12/83     AC: 15    Str:  8    XL:     12   Next: 14%
Magic:  17/21      EV: 13    Int: 22    God:    Vehumet [****..]
Gold:   321        SH:  0    Dex: 20    Spells: 13/23 levels left

rFire   . . .      SeeInvis .    q - +12 pair of quick blades "Gyre" and "Gimble" {protect}
rCold   . . .      Faith    .    (shield currently unavailable)
rNeg    . . .      Spirit   .    w - +0 troll leather armour
rPois   .          Reflect  .    (helmet restricted)
rElec   .          Harm     .    (no cloak)
rCorr   .          Rampage  .    m - +1 pair of gloves
Will    .....                    (no boots)
Stlth   ++                       (no amulet)
HPRegen 1.13/turn                G - +6 ring of dexterity
MPRegen 0.17/turn                A - +4 ring of slaying

@: under a protective aura
A: antennae 2, thin metallic scales 1, demonic guardian 1, sense surroundings 1,
screaming 2, subdued magic 1
a: Renounce Religion


You were on level 1 of the Lair of Beasts.
You worshipped Vehumet.
Vehumet was greatly pleased with you.
You visited 2 branches of the dungeon, and saw 12 of its levels.

You collected 753 gold pieces.
You spent 432 gold pieces at shops.

Inventory:

Hand Weapons
 b - a +3 short sword of venom
 q - the +12 pair of quick blades "Gyre" and "Gimble" (weapon) {protect}
   (You found it on level 9 of the Dungeon)
Missiles
 D - 5 throwing nets
Armour
 m - a +1 pair of gloves (worn)
 w - a +0 troll leather armour (worn)
 B - the +1 robe of Buwn {rC++ Will+ Str+3}
   (You found it on level 7 of the Dungeon)

   Str:       It affects your strength (+3).
   rC:        It greatly protects you from cold.
   Will:      It increases your willpower.
Jewellery
 g - a +6 ring of strength
 r - a ring of fire
 t - a +6 ring of strength
 u - a ring of ice
 v - a ring of willpower
 y - a ring of see invisible
 A - a +4 ring of slaying (right hand)
 C - a ring of protection from cold
 G - a +6 ring of dexterity (left hand)
Wands
 a - a wand of paralysis (41) (quivered)
 M - a wand of iceblast (3)
Scrolls
 d - 6 scrolls of identify
 e - 4 scrolls of magic mapping
 i - 6 scrolls of teleportation
 k - a scroll of amnesia
 l - a scroll of poison
 s - a scroll of enchant armour
 H - a scroll of acquirement {unknown}
 J - a scroll of brand weapon {unknown}
 K - 2 scrolls of blinking
Potions
 c - 2 potions of lignification
 f - 9 potions of curing
 h - a potion of resistance
 j - 2 potions of magic
 n - 3 potions of cancellation
 o - 3 potions of invisibility
 p - a potion of attraction
 x - a potion of haste
 z - 2 potions of degeneration {unknown}
 E - a potion of brilliance {unknown}
 F - a potion of ambrosia {unknown}
 I - a potion of might {unknown}
 L - a potion of heal wounds


   Skills:
 - Level 4.0 Fighting
 + Level 6.0 Short Blades
 - Level 4.0 Dodging
 - Level 1.7 Stealth
 - Level 6.0 Spellcasting
 - Level 10.0 Conjurations
 - Level 10.0 Necromancy
 - Level 0.8 Transmutations
 - Level 10.0 Earth Magic


You had 13 spell levels left.
You knew the following spells:

 Your Spells              Type           Power      Damage    Failure   Level
a - Borgnjor's Vile Clut  Necr/Erth      19%        N/A       4%          5
b - Stone Arrow           Conj/Erth      76%        3d11      1%          3
k - Blink                 Tloc           10%        N/A       17%         2

Your spell library contained the following spells:

 Spells                   Type           Power      Damage    Failure   Level
 Airstrike                Air            2%         2d(1-17)  28%         4
 Sandblast                Erth           76%        2d16      1%          1
 Passwall                 Tmut/Erth      19%        N/A       1%          2
 Animate Dead             Necr           38%        N/A       1%          4
 Petrify                  Tmut/Erth      23%        N/A       12%         4
 Ensorcelled Hibernation  Hex/Ice        10%        N/A       17%         2
 Death Channel            Necr           19%        N/A       28%         6
 Swiftness                Air            5%         N/A       32%         3
 Manifold Assault         Tloc           5%         N/A       75%         4
 Storm Form               Tmut/Air       3%         N/A       100%        7
 Borgnjor's Revivificati  Necr           19%        N/A       100%        8
 Necromutation            Tmut/Necr      11%        N/A       100%        8
 Death's Door             Necr           19%        N/A       100%        9


Dungeon Overview and Level Annotations

Branches:
Dungeon (11/15)            Temple (0/1) D:5            Lair (1/5) D:8
    Orc (0/2) D:9

Altars:
Ashenzari
Cheibriados
Dithmenos
Fedhas
Gozag
Hepliaklqana
Kikubaaqudgha
Makhleb
Nemelex Xobeh
Okawaru
Qazlal
Ru
Sif Muna
Trog
Uskayaw
Vehumet
Wu Jian
Xom
Yredelemnul

Shops:
D:6 :

Annotations:
D:3 2 transporters, Darius099's ghost, amateur GrFi
D:6 1 runed translucent door, bande's ghost, novice GrFi
Lair:1 2 transporters, Yheidum's ghost, journeyman MiFi


Innate Abilities, Weirdness & Mutations

You have a pair of antennae on your head.
You are partially covered in thin metallic scales. (AC +2)
A weak demonic guardian rushes to your aid.
You passively map a small area around you.
You frequently scream uncontrollably at your foes.
Your spells are a little easier to cast, but a little less powerful.


Message History

Found a helmet.
You see here a +0 helmet.
Key pressed, stopping explore.
Key pressed, stopping explore.
The fire dragon roars deafeningly!
A fire dragon is nearby!
A fire dragon is nearby!
A fire dragon is nearby!
Aiming: Paralyse
Press: ? - help, Q - select action, (/) - cycle Shift-Dir - straight line, f - fire dragon
Aim: a fire dragon (chance to affect: 17%)
Okay, then.
Casting: Borgnjor's Vile Clutch (dangerous; 4% risk of failure)
Confirm with . or Enter, or press ? or * to list all spells.
Aiming: Borgnjor's Vile Clutch (dangerous; 4% risk of failure)
Press: ? - help, Shift-Dir - straight line, f - fire dragon
Aim: a fire dragon (100% to hit)
Zombie hands grab the fire dragon.
The zombie hands constrict the fire dragon.
The fire dragon breathes flames at you. The blast of flame hits you!!
The zombie hands constrict the fire dragon.
The fire dragon bites you!
The fire dragon claws you but does no damage.
The fire dragon tramples you.
You stumble backwards!
The zombie hands lose their grip on the fire dragon.
You barely miss the fire dragon.
You hit the fire dragon but do no damage.
Your weapon exudes an aura of protection.
You barely miss the fire dragon. You puncture the fire dragon!
The fire dragon breathes flames at you. The blast of flame hits you!!
* * * LOW HITPOINT WARNING * * *
Blink to where?
Press: ? - help, Dir - move target, p - fire dragon
As you read the scroll of blinking, it crumbles to dust.
There is a stone staircase leading down here.
The fire dragon breathes flames at you. The blast of flame hits you!!!
You die...

~........#####..{...# #.##
~.......## ######.###..#######
~~...#### #..##..P#.#..## ######
##.##.......... ####.###.........
#...ยง##..#.###[#. #D#####...##
#.#. ##### ###
###.#####...####.## ....###.#
###.@...........##.# ....##..#
##P#.............P#.##
....###.####....................#
....P.P.........................#
.................................
.....#....##.....................
....##..###P................##..#
....##..####.##.............#.#..
...........#.#.#...#..#...#......


You could see a fire dragon (catching breath).

Vanquished Creatures
  A boulder beetle (D:11)
  3 two-headed ogres
  An ugly thing (D:11)
  A cyclops (D:11)
  3 elephants (Lair:1)
  A gargoyle (D:11)
  A cane toad (Lair:1)
  An unseen horror (D:11)
  A komodo dragon (D:11)
  3 trolls
  11 blink frogs
  A spriggan (D:9)
  2 shadows
  19 yaks
  3 wyverns (D:8)
  A human (D:7)
  2 acid dragons
  5 water moccasins
  4 orc warriors
  2 black bears
  2 sky beasts
  5 ogres
  3 centaurs
  A phantom (D:5)
  5 kobold brigands
  4 bullfrogs
  2 necrophages
  2 gnoll sergeants
  2 scorpions
  4 wights (D:8)
  7 killer bees
  6 howler monkeys
  A crimson imp (D:6)
  6 orc priests
  4 hounds
  2 gnoll boudas
  Ijyb (D:4)
  Natasha (thrice) (D:3)
  5 iguanas
  11 orc wizards
  Robin (D:4)
  18 gnolls
  A river rat (D:6)
  7 adders
  A white imp (D:6)
  4 worms
  2 dart slugs
  26 orcs
  8 bats
  4 bat skeletons (D:8)
  A bat zombie (D:8)
  3 endoplasms
  3 giant cockroaches
  14 goblins
  8 hobgoblins
  6 jackals (D:4)
  3 quokkas
  6 ball pythons
  4 frilled lizards
  12 kobolds
  8 rats
282 creatures vanquished.

Vanquished Creatures (collateral kills)
  A yak (D:8)
  An adder (D:2)
2 creatures vanquished.

Vanquished Creatures (others)
  2 bushes (D:8)
  4 fungi
  27 plants
  2 withered plants (D:6)
35 creatures vanquished.

Grand Total: 319 creatures vanquished

Notes
Turn   | Place    | Note
-------+----------+-------------------------------------------
     0 | D:1      | wormed the Demonspawn Earth Elementalist began the quest
                  | for the Orb.
     0 | D:1      | Reached XP level 1. HP: 13/13 MP: 3/3
   315 | D:1      | Gained mutation: A weak demonic guardian rushes to your
                  | aid. [demonic ancestry]
   315 | D:1      | Reached XP level 2. HP: 19/19 MP: 3/5
   595 | D:1      | Reached skill level 1 in Conjurations
   831 | D:2      | Reached XP level 3. HP: 12/24 MP: 1/6
   991 | D:2      | Identified the +0 hand axe of Calculation {venom, Dex+3}
  1324 | D:3      | Found a transporter.
  1339 | D:3      | Found a sacrificial altar of Ru.
  1342 | D:3      | Found a transporter.
  1347 | D:3      | Learned a level 3 spell: Stone Arrow
  1412 | D:3      | Noticed Natasha
  1419 | D:3      | Killed Natasha
  1463 | D:3      | Found a hazy altar of Hepliaklqana.
  1503 | D:3      | Noticed Natasha
  1507 | D:3      | Killed Natasha
  1508 | D:3      | Reached XP level 4. HP: 30/30 MP: 3/8
  1568 | D:3      | Noticed Darius099's ghost (amateur GrFi)
  2037 | D:3      | Reached XP level 5. HP: 30/35 MP: 5/9
  2038 | D:3      | Noticed Natasha
  2083 | D:3      | Found a sparkling altar of Nemelex Xobeh.
  2240 | D:3      | Killed Natasha
  2382 | D:3      | Found a radiant altar of Vehumet.
  2390 | D:3      | Became a worshipper of Vehumet
  2524 | D:3      | Gained mutation: You occasionally shout uncontrollably at
                  | your foes. [potion of mutation]
  2524 | D:3      | Gained mutation: You have hidden genetic defects. [potion
                  | of mutation]
  2524 | D:3      | Gained mutation: You passively map a small area around you.
                  | [potion of mutation]
  2911 | D:4      | Noticed a black bear
  2916 | D:4      | Gained mutation: You frequently scream uncontrollably at
                  | your foes. [hidden defects]
  2919 | D:4      | Killed a black bear
  2920 | D:4      | Reached XP level 6. HP: 39/41 MP: 3/12
  2939 | D:4      | Gained mutation: Your spells are a little easier to cast,
                  | but a little less powerful. [hidden defects]
  2939 | D:4      | Lost mutation: You have hidden genetic defects. [hidden
                  | defects expressed]
  3322 | D:4      | Found a shimmering blue altar of Sif Muna.
  3353 | D:4      | Noticed Ijyb
  3359 | D:4      | Paralysed by Ijyb for 2 turns
  3471 | D:4      | Killed Ijyb
  3719 | D:4      | Reached XP level 7. HP: 37/46 MP: 13/13
  3721 | D:4      | Noticed Robin
  3726 | D:4      | Killed Robin
  3863 | D:3      | Reached * piety under Vehumet
  3863 | D:3      | Offered knowledge of Foxfire by Vehumet.
  4598 | D:5      | Entered Level 5 of the Dungeon
  4741 | D:5      | Reached skill level 5 in Conjurations
  4836 | D:5      | Reached skill level 5 in Spellcasting
  4836 | D:5      | Reached skill level 5 in Earth Magic
  4914 | D:5      | Found a stormy altar of Qazlal.
  5087 | D:5      | Gained mutation: You are partially covered in thin metallic
                  | scales. (AC +2) [demonic ancestry]
  5087 | D:5      | Reached XP level 8. HP: 52/52 MP: 4/15
  5510 | D:5      | Found a staircase to the Ecumenical Temple.
  5872 | D:7      | Found a hide-covered altar of Uskayaw.
  6002 | D:7      | Found an iron altar of Okawaru.
  6030 | D:7      | Found an opulent altar of Gozag.
  6103 | D:7      | Found a broken altar of Ashenzari.
  6296 | D:6      | Offered knowledge of Static Discharge by Vehumet.
  6626 | D:7      | Reached skill level 1 in Fighting
  6664 | D:7      | Found a runed translucent door.
  6666 | D:7      | Found a basalt altar of Yredelemnul.
  6959 | D:7      | Found a snail-covered altar of Cheibriados.
  7101 | D:7      | Identified the +1 robe of Buwn {rC++ Will+ Str+3}
  7549 | D:6      | Found a shadowy altar of Dithmenos.
  7750 | D:6      | Found Somiaps's Book Emporium.
  7756 | D:6      | Learned a level 2 spell: Blink
  7840 | D:8      | Reached ** piety under Vehumet
  7954 | D:8      | Found an ancient bone altar of Kikubaaqudgha.
  8049 | D:7      | Gained mutation: You have a pair of small antennae on your
                  | head. [demonic ancestry]
  8049 | D:7      | Reached XP level 9. HP: 14/64 MP: 1/18
  8567 | D:8      | Reached skill level 5 in Necromancy
  8794 | D:8      | Found a blossoming altar of Fedhas.
  9015 | D:8      | Offered knowledge of Mephitic Cloud by Vehumet.
  9217 | D:8      | Found a staircase to the Lair.
  9378 | D:8      | Found a bloodstained altar of Trog.
  9546 | D:6      | Bought a book of Unlife for 432 gold pieces
  9552 | D:6      | Learned a level 5 spell: Borgnjor's Vile Clutch
  9659 | D:6      | Found a burning altar of Makhleb.
  9660 | D:6      | Found a shimmering altar of Xom.
  9710 | D:6      | Found a runed translucent door.
  9710 | D:6      | Noticed bande's ghost (novice GrFi)
  9866 | D:8      | Gained mutation: You have a pair of antennae on your head.
                  | [demonic ancestry]
  9866 | D:8      | Reached XP level 10. HP: 71/71 MP: 15/19
 10213 | Lair:1   | Entered Level 1 of the Lair of Beasts
 10706 | Lair:1   | Noticed an elephant
 11020 | Lair:1   | Noticed Yheidum's ghost (journeyman MiFi)
 11022 | Lair:1   | Found a transporter.
 11040 | Lair:1   | Found a transporter.
 11097 | Lair:1   | Noticed an elephant
 11098 | Lair:1   | Noticed an elephant
 11339 | Lair:1   | Reached *** piety under Vehumet
 11342 | Lair:1   | Reached skill level 10 in Necromancy
 11634 | Lair:1   | Noticed a fire dragon
 11923 | D:9      | Found a staircase to the Orcish Mines.
 12417 | D:9      | Identified the +7 hand axe "Nuellewu" {spect, *Corrode rF+
                  | rN+ Will+}
 12426 | D:9      | Offered knowledge of Iskenderun's Mystic Blast by Vehumet.
 12587 | D:9      | Reached XP level 11. HP: 77/77 MP: 12/20
 13243 | D:9      | You fall into a shaft and drop 1 floor!
 13243 | D:10     | Entered Level 10 of the Dungeon
 13247 | D:10     | Reached **** piety under Vehumet
 13569 | D:9      | Noticed a two-headed ogre
 13569 | D:9      | Noticed a two-headed ogre
 13576 | D:9      | Killed a two-headed ogre
 13585 | D:9      | Killed a two-headed ogre
 13588 | D:9      | Offered knowledge of Airstrike by Vehumet.
 13589 | D:9      | Reached skill level 10 in Earth Magic
 13739 | D:9      | Found the +12 pair of quick blades "Gyre" and "Gimble"
                  | {protect}
 14311 | D:10     | Reached skill level 1 in Short Blades
 15252 | D:10     | Found an ornate altar of the Wu Jian Council.
 15273 | D:11     | Noticed a two-headed ogre
 15277 | D:11     | Killed a two-headed ogre
 15278 | D:11     | Noticed a boulder beetle
 15325 | D:11     | Killed a boulder beetle
 15974 | D:11     | Noticed a green ugly thing
 15979 | D:11     | Killed a green ugly thing
 16153 | D:11     | Reached skill level 5 in Short Blades
 16158 | D:11     | Reached XP level 12. HP: 78/83 MP: 21/21
 16577 | Lair:1   | Reached skill level 10 in Conjurations
 16870 | Lair:1   | Killed from afar by a fire dragon

Illustrated notes

Levels and vault maps discovered:
D:1:      elethiomel_arrival_fortress_basement, layout_rooms,
          hangedman_decor_lopped
D:2:      layout_rooms
D:3:      layout_loops_ring, amcnicky_altar_gilded, nicolae_vehumet_altar_sigil,
          nicolae_ru_great_annihilating_truth,
          mainiacjoe_overflow_six_doors_small,
          nemelex_xobeh_ov_fountains_minmay, gammafunk_ghost_stat_death,
          kennysheep_small_spiral, uniq_natasha
D:4:      layout_rooms, nicolae_sif_muna_little_library,
          chequers_serial_rivers_room_a, minmay_misc_feat_five, uniq_ijyb,
          uniq_robin
D:5:      layout_rooms, nicolae_qazlal_scattered_showers, temple_hall
D:6:      layout_rooms, grunt_temple_overflow_champion_of_chaos,
          mainiacjoe_overflow_chevrons, serial_shops, kennysheep_mini_moat,
          gammafunk_ghost_grave, gup_sewer_entry_spiral, serial_bayou_pond_c,
          feat_on_display
D:7:      layout_loops_ring, ashenzari_conservatory_becter,
          okawaru_metal_pillars_3, lemuel_tele_altar,
          mainiacjoe_overflow_small_starburst, dk_yredelemnul_ordeal,
          nicolae_gozag_seed_capital, enter_bailey_1
D:8:      layout_rooms, mainiacjoe_overflow_alcove_1,
          fedhas_bush_and_centaur_altar, kennysheep_vampire_church,
          minmay_lair_entry_grove
D:9:      layout_roguey, kennysheep_orc_monster_closet_entryway,
          hellmonk_guarded_unrand_gyre_and_gimble
D:10:     layout_basic, nzn_wu_jian_council_hall, mainiacjoe_overflow_boulevard
D:11:     layout_basic
Lair:1:   dragon1_lemuel, layout_gridlike, gammafunk_ghost_arena

Skill      XL: |  1  2  3  4  5  6  7  8  9 10 11 12 |
---------------+-------------------------------------+-----
Conjurations   | 1 2 4 5 6 9 10 | 10.0
Earth Magic    | 3 4 5 6 9 10 | 10.0
Spellcasting   | 3 4 5 6 |  6.0
Dodging        | 3 4 |  4.0
Fighting       | 3 4 |  4.0
Necromancy     | 8 10 | 10.0
Short Blades   | 5 6 |  6.0
Stealth        | |  1.7
Transmutations | |  0.8

Action                   |  1- 3 |  4- 6 |  7- 9 | 10-12 || total
-------------------------+-------+-------+-------+-------++-------
Melee: Whip              |    11 |    24 |       |       ||    35
       Short sword       |       |    27 |    91 |    36 ||   154
       Punch             |       |     1 |       |     2 ||     3
       Unarmed           |       |       |       |    25 ||    25
       Pair of quick bla |       |       |       |   107 ||   107
 Cast: Sandblast         |    51 |    25 |       |       ||    76
       Stone Arrow       |       |    40 |   154 |    45 ||   239
       Borgnjor's Vile C |       |       |     1 |    94 ||    95
Evoke: Wand              |       |     1 |     8 |     1 ||    10
  Use: Scroll            |       |     6 |     3 |    11 ||    20
       Potion            |       |     5 |     2 |     3 ||    10
 Stab: Paralysed         |       |       |    10 |       ||    10
       Sleeping          |       |       |     1 |     1 ||     2
Armor: Leather armour    |     6 |    17 |    16 |       ||    39
       Robe              |     1 |       |    21 |    24 ||    46
       Skin              |       |       |       |    22 ||    22
       Troll leather arm |       |       |       |    25 ||    25
Dodge: Dodged            |    10 |    36 |    98 |   112 ||   256

Table legend: (Time is in decaauts)
 A = Elapsed time spent in this place.
 B = Non-inter-level travel time spent in this place.
 C = Inter-level travel time spent in this place.
 D = Time resting spent in this place.
 E = Time spent auto-exploring this place.
 F = Levels seen in this place.
 G = Mean time per level.
                   A        B        C        D        E       F      G
               +--------+--------+--------+--------+--------+-----+--------+
         Total |  16942 |  15571 |   1371 |    174 |  12844 |  12 | 1411.8 |
       Dungeon |  15563 |  14203 |   1360 |    174 |  11813 |  11 | 1414.8 |
          Lair |   1379 |   1368 |     11 |      0 |   1030 |   1 | 1379.0 |
               +--------+--------+--------+--------+--------+-----+--------+

Top non-repeatable levels by time:
     D:8: 2677 daAuts
     D:3: 2032 daAuts
     D:9: 1964 daAuts
     D:7: 1757 daAuts
  Lair:1: 1379 daAuts
     D:4: 1286 daAuts
    D:10: 1185 daAuts
     D:6: 1125 daAuts
     D:5: 1116 daAuts
    D:11: 1074 daAuts
     D:1: 697 daAuts
     D:2: 646 daAuts
